[ PARTIDA AOE2 · #504634122 ]
UnrankedPersas vs Goths
Equipo del jugador · DERR
Equipo rival · VICT
[ ANÁLISIS DE REPETICIÓN · EXTRAÍDO DE LA PARTIDA GRABADA ]
Feudal
10:40
Castillos
23:15
Imperial
37:56
| APM promedio | 71.1 |
| APM pico | 115 |
| eAPM promedio | 28.0 |
| Aldeanos / militares | 159 / 201 |
Foco
⚔️ 28.2% · 🌾 71.8%
Cavalry Archer ×113 · Scout Cavalry ×61 · Camel Scout ×7 · Bombard Cannon ×7 · Militia ×3 · Trebuchet (Packed) ×3
Feudal
10:09
Castillos
22:20
Imperial
33:05
| APM promedio | 54.2 |
| APM pico | 94 |
| eAPM promedio | 29.9 |
| Aldeanos / militares | 117 / 332 |
Foco
⚔️ 33.2% · 🌾 66.8%
Huskarl ×122 · Skirmisher ×77 · Militia ×69 · Spearman ×32 · Scorpion ×26 · Trebuchet (Packed) ×4
Mapa de la partida
Recursos iniciales + cada clic de construcción. Líneas = muros · curvas = relieve. ◆ oro · ⬟ piedra · ● bayas · ✦ reliquia · ◌ hueco del cierre
Tu base· ✓ Cerrada en 23:15 · 34t muro · 5 puerta(s)
Base de MaxTorres04· ✓ Cerrada en 22:20 · 47t muro · sin puerta
Terreno inicial suavizado · ◌ = hueco del cierre detectado · pasá el cursor para detalles
Inputs por minuto
— pablo.isaza - - MaxTorres04
Build order — pablo.isaza
Primeras 150 de 660 acciones detectadas
| 0:01 | Encolar | Villager (Male) |
| 0:01 | Encolar | Villager (Male) |
| 0:02 | Construir | House |
| 0:04 | Construir | House |
| 0:23 | Encolar | Villager (Male) |
| 0:31 | Encolar | Villager (Male) |
| 0:36 | Encolar | Villager (Male) |
| 1:18 | Encolar | Villager (Male) |
| 1:19 | Encolar | Villager (Male) |
| 1:27 | Construir | Lumber Camp |
| 1:59 | Encolar | Villager (Male) |
| 1:59 | Encolar | Villager (Male) |
| 2:25 | Encolar | Villager (Male) |
| 2:25 | Encolar | Villager (Male) |
| 2:43 | Encolar | Villager (Male) |
| 2:43 | Encolar | Villager (Male) |
| 2:44 | Encolar | Villager (Male) |
| 3:12 | Encolar | Villager (Male) |
| 3:12 | Encolar | Villager (Male) |
| 3:34 | Encolar | Villager (Male) |
| 3:38 | Construir | House |
| 3:56 | Construir | Barracks |
| 4:21 | Encolar | Villager (Male) |
| 4:31 | Construir | House |
| 5:03 | Encolar | Villager (Male) |
| 5:05 | Encolar | Militia |
| 5:05 | Encolar | Militia |
| 5:06 | Encolar | Villager (Male) |
| 5:30 | Encolar | Villager (Male) |
| 5:39 | Encolar | Militia |
| 6:23 | Encolar | Villager (Male) |
| 6:25 | Investigar | Loom |
| 6:25 | Investigar | Loom |
| 7:01 | Construir | House |
| 7:02 | Construir | Palisade Wall |
| 7:04 | Construir | Palisade Wall |
| 7:05 | Construir | Palisade Wall |
| 8:17 | Construir | Mill |
| 8:37 | Investigar | Feudal Age |
| 8:37 | Investigar | Feudal Age |
| 8:56 | Construir | House |
| 8:57 | Construir | House |
| 10:07 | Construir | Palisade Wall |
| 10:09 | Encolar | Villager (Male) |
| 10:40 | Edad | Edad Feudal |
| 10:43 | Encolar | Villager (Male) |
| 10:45 | Construir | Stable |
| 10:53 | Encolar | Villager (Male) |
| 10:57 | Construir | Palisade Wall |
| 11:05 | Construir | House |
| 11:14 | Construir | Farm |
| 11:14 | Construir | Farm |
| 11:15 | Construir | Farm |
| 11:15 | Construir | Farm |
| 11:15 | Construir | Farm |
| 11:15 | Construir | Farm |
| 11:16 | Construir | Farm |
| 11:42 | Construir | House |
| 11:43 | Construir | House |
| 11:45 | Encolar | Scout Cavalry |
| 11:45 | Encolar | Scout Cavalry |
| 11:50 | Construir | House |
| 11:51 | Encolar | Villager (Male) |
| 11:59 | Encolar | Villager (Male) |
| 12:05 | Construir | Palisade Gate |
| 12:10 | Construir | House |
| 12:27 | Construir | Palisade Gate |
| 12:30 | Construir | Palisade Gate |
| 12:33 | Construir | Palisade Wall |
| 12:38 | Encolar | Villager (Male) |
| 12:39 | Encolar | Scout Cavalry |
| 12:45 | Construir | Palisade Wall |
| 13:04 | Construir | House |
| 13:13 | Construir | Palisade Gate |
| 13:15 | Construir | House |
| 13:18 | Encolar | Scout Cavalry |
| 13:28 | Construir | House |
| 13:38 | Encolar | Villager (Male) |
| 13:39 | Construir | Farm |
| 13:40 | Construir | Farm |
| 13:40 | Construir | Farm |
| 13:42 | Encolar | Villager (Male) |
| 13:45 | Construir | Palisade Wall |
| 14:10 | Construir | House |
| 14:13 | Construir | House |
| 14:17 | Encolar | Villager (Male) |
| 14:26 | Encolar | Villager (Male) |
| 14:32 | Construir | Farm |
| 14:47 | Encolar | Villager (Male) |
| 14:57 | Construir | Mining Camp |
| 15:00 | Encolar | Villager (Male) |
| 15:05 | Construir | House |
| 15:07 | Encolar | Villager (Male) |
| 15:41 | Encolar | Villager (Male) |
| 15:47 | Construir | Archery Range |
| 15:50 | Encolar | Villager (Male) |
| 16:02 | Encolar | Villager (Male) |
| 16:08 | Construir | House |
| 16:17 | Construir | House |
| 16:33 | Construir | House |
| 16:36 | Construir | Palisade Wall |
| 16:38 | Encolar | Villager (Male) |
| 17:00 | Encolar | Villager (Male) |
| 17:05 | Construir | Palisade Wall |
| 17:14 | Construir | Farm |
| 17:18 | Construir | Farm |
| 17:29 | Construir | Farm |
| 17:34 | Encolar | Villager (Male) |
| 17:37 | Construir | Farm |
| 17:37 | Construir | Farm |
| 17:38 | Construir | Farm |
| 17:38 | Encolar | Villager (Male) |
| 17:48 | Construir | Farm |
| 17:49 | Encolar | Villager (Male) |
| 18:04 | Construir | Palisade Gate |
| 18:14 | Encolar | Villager (Male) |
| 18:26 | Encolar | Villager (Male) |
| 18:30 | Construir | Farm |
| 18:32 | Encolar | Villager (Male) |
| 18:36 | Encolar | Villager (Male) |
| 18:39 | Construir | Mining Camp |
| 19:31 | Construir | Market |
| 19:38 | Encolar | Villager (Male) |
| 20:46 | Investigar | Castle Age |
| 21:02 | Construir | Archery Range |
| 21:17 | Investigar | Double-Bit Axe |
| 21:24 | Construir | Farm |
| 21:30 | Investigar | Horse Collar |
| 21:30 | Investigar | Horse Collar |
| 22:03 | Construir | Farm |
| 22:03 | Construir | Farm |
| 22:31 | Construir | House |
| 23:09 | Construir | Blacksmith |
| 23:15 | Edad | Edad de los Castillos |
| 23:17 | Encolar | Cavalry Archer |
| 23:18 | Encolar | Cavalry Archer |
| 23:18 | Encolar | Cavalry Archer |
| 23:43 | Encolar | Villager (Male) |
| 23:56 | Construir | Castle |
| 24:05 | Encolar | Cavalry Archer |
| 24:06 | Encolar | Cavalry Archer |
| 24:06 | Encolar | Cavalry Archer |
| 24:07 | Encolar | Villager (Male) |
| 24:09 | Encolar | Villager (Male) |
| 24:14 | Investigar | Fletching |
| 24:14 | Investigar | Fletching |
| 24:28 | Encolar | Cavalry Archer |
| 24:29 | Encolar | Cavalry Archer |
| 24:29 | Encolar | Cavalry Archer |
| 24:30 | Encolar | Villager (Male) |
Build order — MaxTorres04
Primeras 150 de 557 acciones detectadas
| 0:01 | Encolar | Villager (Male) |
| 0:01 | Encolar | Villager (Male) |
| 0:01 | Encolar | Villager (Male) |
| 0:02 | Construir | House |
| 0:04 | Investigar | Loom |
| 0:05 | Construir | House |
| 0:14 | Encolar | Villager (Male) |
| 1:39 | Encolar | Villager (Male) |
| 2:02 | Encolar | Villager (Male) |
| 2:11 | Construir | Lumber Camp |
| 2:28 | Encolar | Villager (Male) |
| 2:29 | Encolar | Villager (Male) |
| 2:29 | Encolar | Villager (Male) |
| 3:10 | Encolar | Villager (Male) |
| 3:10 | Encolar | Villager (Male) |
| 3:41 | Construir | House |
| 3:46 | Encolar | Villager (Male) |
| 3:59 | Construir | Palisade Wall |
| 4:07 | Encolar | Villager (Male) |
| 4:07 | Encolar | Villager (Male) |
| 4:21 | Encolar | Villager (Male) |
| 5:07 | Encolar | Villager (Male) |
| 5:13 | Construir | Mill |
| 5:36 | Construir | House |
| 6:06 | Encolar | Villager (Male) |
| 6:23 | Encolar | Villager (Male) |
| 6:57 | Construir | Barracks |
| 7:20 | Encolar | Villager (Male) |
| 7:36 | Construir | Palisade Wall |
| 7:59 | Investigar | Feudal Age |
| 7:59 | Investigar | Feudal Age |
| 8:24 | Encolar | Militia |
| 8:24 | Encolar | Militia |
| 8:46 | Construir | Mining Camp |
| 8:51 | Encolar | Militia |
| 9:24 | Encolar | Villager (Male) |
| 9:36 | Construir | House |
| 9:43 | Encolar | Militia |
| 9:44 | Encolar | Militia |
| 10:09 | Edad | Edad Feudal |
| 10:18 | Investigar | Man-at-Arms (upgrade) |
| 10:45 | Encolar | Militia |
| 10:47 | Encolar | Villager (Male) |
| 10:47 | Encolar | Villager (Male) |
| 10:57 | Construir | House |
| 11:02 | Construir | Palisade Wall |
| 11:12 | Encolar | Militia |
| 11:35 | Construir | Palisade Wall |
| 11:39 | Investigar | Double-Bit Axe |
| 11:42 | Construir | Archery Range |
| 11:43 | Encolar | Villager (Male) |
| 11:43 | Encolar | Villager (Male) |
| 12:14 | Construir | Palisade Wall |
| 12:26 | Encolar | Villager (Male) |
| 12:38 | Construir | Farm |
| 12:44 | Construir | Farm |
| 12:46 | Encolar | Villager (Male) |
| 13:01 | Construir | House |
| 13:02 | Construir | House |
| 13:04 | Construir | Farm |
| 13:20 | Encolar | Villager (Male) |
| 13:40 | Construir | Palisade Wall |
| 13:41 | Encolar | Villager (Male) |
| 13:50 | Construir | Farm |
| 13:52 | Construir | Farm |
| 13:53 | Construir | Farm |
| 13:54 | Encolar | Villager (Male) |
| 14:07 | Encolar | Spearman |
| 14:07 | Encolar | Spearman |
| 14:41 | Encolar | Villager (Male) |
| 14:44 | Construir | Farm |
| 14:44 | Construir | Farm |
| 14:45 | Construir | Farm |
| 14:53 | Construir | Lumber Camp |
| 14:56 | Encolar | Spearman |
| 15:05 | Encolar | Villager (Male) |
| 15:12 | Encolar | Spearman |
| 15:18 | Construir | Farm |
| 15:23 | Encolar | Villager (Male) |
| 15:51 | Encolar | Spearman |
| 16:02 | Construir | House |
| 16:06 | Construir | Palisade Wall |
| 16:09 | Construir | Farm |
| 16:13 | Construir | Farm |
| 16:13 | Construir | Farm |
| 16:13 | Construir | Farm |
| 16:14 | Construir | Farm |
| 16:34 | Encolar | Villager (Male) |
| 16:34 | Encolar | Villager (Male) |
| 16:41 | Construir | Farm |
| 16:41 | Construir | Farm |
| 16:41 | Construir | Farm |
| 17:08 | Construir | Farm |
| 17:19 | Investigar | Wheelbarrow |
| 17:32 | Construir | Farm |
| 17:41 | Construir | Blacksmith |
| 18:00 | Construir | Farm |
| 18:19 | Construir | Farm |
| 18:20 | Construir | Farm |
| 18:45 | Encolar | Villager (Male) |
| 18:46 | Encolar | Villager (Male) |
| 19:16 | Construir | Farm |
| 19:26 | Construir | Market |
| 19:40 | Investigar | Castle Age |
| 19:40 | Investigar | Castle Age |
| 19:42 | Construir | Farm |
| 19:48 | Encolar | Militia ×2 |
| 20:12 | Construir | House |
| 20:31 | Encolar | Militia |
| 20:31 | Encolar | Militia |
| 20:33 | Investigar | Forging |
| 20:51 | Investigar | Gold Mining |
| 21:14 | Encolar | Militia |
| 21:14 | Encolar | Militia |
| 21:14 | Encolar | Militia |
| 21:14 | Encolar | Militia |
| 21:33 | Encolar | Spearman |
| 21:33 | Encolar | Spearman |
| 21:42 | Construir | House |
| 22:10 | Investigar | Scale Mail Armor |
| 22:12 | Encolar | Militia |
| 22:12 | Encolar | Militia |
| 22:20 | Edad | Edad de los Castillos |
| 22:36 | Construir | Siege Workshop |
| 22:41 | Construir | House |
| 22:43 | Investigar | Iron Casting |
| 22:44 | Investigar | Long Swordsman (upgrade) |
| 22:45 | Investigar | Pikeman (upgrade) |
| 22:45 | Encolar | Spearman |
| 22:46 | Encolar | Spearman |
| 22:46 | Encolar | Militia |
| 23:09 | Encolar | Villager (Male) |
| 23:10 | Encolar | Villager (Male) |
| 23:32 | Encolar | Villager (Male) |
| 23:32 | Encolar | Villager (Male) |
| 24:06 | Construir | Mining Camp |
| 24:22 | Encolar | Mangonel |
| 24:30 | Encolar | Scorpion |
| 24:30 | Encolar | Scorpion |
| 24:41 | Encolar | Villager (Male) |
| 24:41 | Encolar | Villager (Male) |
| 24:42 | Encolar | Villager (Male) |
| 25:05 | Construir | Lumber Camp |
| 25:16 | Construir | House |
| 25:17 | Construir | House |
| 25:58 | Encolar | Scorpion |
| 26:20 | Construir | Farm |
| 26:21 | Construir | Farm |
| 26:21 | Construir | Farm |
| 26:47 | Encolar | Scorpion |
Cronología de la partida
| 3:56 | pablo.isaza · first_building Barracks |
| 3:59 | MaxTorres04 · wall_segment Palisade Wall x1 |
| 6:57 | MaxTorres04 · first_building Barracks |
| 7:02 | pablo.isaza · wall_segment Palisade Wall x1 |
| 7:04 | pablo.isaza · wall_segment Palisade Wall x2 |
| 7:05 | pablo.isaza · wall_segment Palisade Wall x4 |
| 7:36 | MaxTorres04 · wall_segment Palisade Wall x6 |
| 10:07 | pablo.isaza · wall_segment Palisade Wall x4 |
| 10:09 | MaxTorres04 · age_up feudal |
| 10:40 | pablo.isaza · age_up feudal |
| 10:45 | pablo.isaza · first_building Stable |
| 10:57 | pablo.isaza · wall_segment Palisade Wall x4 |
| 11:02 | MaxTorres04 · wall_segment Palisade Wall x11 |
| 11:35 | MaxTorres04 · wall_segment Palisade Wall x21 |
| 11:42 | MaxTorres04 · first_building Archery Range |
| 12:14 | MaxTorres04 · wall_segment Palisade Wall x1 |
| 12:33 | pablo.isaza · wall_segment Palisade Wall x1 |
| 12:45 | pablo.isaza · wall_segment Palisade Wall x7 |
| 13:40 | MaxTorres04 · wall_segment Palisade Wall x6 |
| 13:45 | pablo.isaza · wall_segment Palisade Wall x1 |
| 15:47 | pablo.isaza · first_building Archery Range |
| 16:06 | MaxTorres04 · wall_segment Palisade Wall x1 |
| 16:36 | pablo.isaza · wall_segment Palisade Wall x1 |
| 17:05 | pablo.isaza · wall_segment Palisade Wall x9 |
| 20:41 | pablo.isaza · first_market_buy 100 food |
| 22:20 | MaxTorres04 · age_up castle |
| 22:36 | MaxTorres04 · first_building Siege Workshop |
| 23:15 | pablo.isaza · age_up castle |
| 23:54 | MaxTorres04 · first_market_sell 100 food |
| 23:54 | MaxTorres04 · first_market_buy 100 wood |
| 23:56 | pablo.isaza · first_building Castle |
| 26:09 | pablo.isaza · first_building Siege Workshop |
| 27:22 | pablo.isaza · first_market_sell 100 stone |
| 29:28 | MaxTorres04 · first_building Monastery |
| 33:05 | MaxTorres04 · age_up imperial |
| 33:10 | MaxTorres04 · first_building Castle |
| 37:56 | pablo.isaza · age_up imperial |
| 50:49 | pablo.isaza · first_building Monastery |
| 61:52 | pablo.isaza · resign |
[ ANÁLISIS IA · 1 CRÉDITO ]
¿Qué pasó realmente en esta partida?
Wolo.gg analiza cada decisión: build order, eco, micro, errores típicos por bracket. Análisis personalizado por WhatsApp o Discord en 30 segundos.
Guía civ
Persas
Perfil
Jugador #5357515